 Dungeon Crawl Stone Soup version 0.31.0-32-g396128a36d (webtiles) character file.

Game seed: 2904749435380043765

247 booth the Apothecary (level 5, -3/35 HPs)
             Began as a Demonspawn Alchemist on Mar 7, 2024.
             Slain by a gnoll
             ... wielding a +0 spear
             ... led by a gnoll bouda
              (4 damage)
             ... on level 4 of the Dungeon on Mar 8, 2024.
             The game lasted 00:20:31 (3355 turns).

booth the Apothecary (Demonspawn Alchemist)         Turns: 3355, Time: 00:20:31

Health: -3/35      AC:  6    Str:  8    XL:     5   Next: 85%
Magic:  6/9        EV: 12    Int: 18    God:
Gold:   216        SH:  0    Dex: 13    Spells: 4/10 levels left

rFire   . . .        i - +0 whip (elec)
rCold   . . .        (no shield)
rNeg    . . .        a - +0 robe
rPois   .            n - +0 helmet
rElec   .            (no cloak)
rCorr   .            (no gloves)
SInv    .            f - +0 pair of boots
Will    .....        (no amulet)
Stlth   ++           (no ring)
HPRegen 0.25/turn    (no ring)
MPRegen 0.11/turn

%: no passive effects
@: no status effects
A: hooves 1, slimy green scales 1, demonic guardian 1
a: no special abilities


You were on level 4 of the Dungeon.
You visited 1 branch of the dungeon, and saw 4 of its levels.

You collected 216 gold pieces.

Inventory:

Hand Weapons
 d - a +0 short sword
 g - a +0 mace
 i - a +0 whip of electrocution (weapon)
Missiles
 e - 5 atropa-tipped darts (quivered)
Armour
 a - a +0 robe (worn)
 c - a +0 leather armour
 f - a +0 pair of boots (worn)
 n - a +0 helmet (worn)
Wands
 o - a wand of charming (8)
Scrolls
 h - a scroll of teleportation
 k - a scroll of amnesia
 l - 3 scrolls of fear
Potions
 b - a potion of magic
 j - a potion of curing
 p - a potion of attraction {unknown}


   Skills:
 - Level 1.8 Dodging
 - Level 1.8 Stealth
 + Level 3.2 Spellcasting
 + Level 2.9 Conjurations
 * Level 5.1 Alchemy


You had 4 spell levels left.
You knew the following spells:

 Your Spells              Type           Power      Damage    Failure   Level
a - Sting                 Conj/Alch      68%        1d7       3%          1
b - Mercury Vapours       Alch/Air       24%        N/A       9%          2
c - Mephitic Cloud        Conj/Alch/Air  12%        N/A       16%         3

Your spell library contained the following spells:

 Spells                   Type           Power      Damage    Failure   Level
 Cigotuvi's Dreadful Rot  Necr/Alch/Air  18%        N/A       12%         2
 Olgreb's Toxic Radiance  Alch           21%        N/A       19%         4
 Scorch                   Fire           4%         2d5       24%         2
 Ignite Poison            Fire/Alch      12%        N/A       50%         4
 Sticky Flame             Fire/Alch      12%        2d5       50%         4
 Flame Wave               Conj/Fire      8%         2d5       65%         4
 Freezing Cloud           Conj/Ice/Air   3%         6-21      96%         5
 Summon Cactus Giant      Summ           1%         N/A       100%        6


Dungeon Overview and Level Annotations

Branches:
Dungeon (4/15)             Temple (0/1) D:4

Altars:

Shops:
D:2 (


Innate Abilities, Weirdness & Mutations

You have large cloven feet.
You are partially covered in slimy green scales. (AC +2)
A weak demonic guardian rushes to your aid.


Message History

Casting: Sting (safe; 3% risk of failure)
Confirm with . or Enter, or press ? or * to list all spells.
Aiming: Mercury Vapours (safe; 9% risk of failure)
Press: ? - help, Dir - move target, f - gnoll bouda
Aim: a gnoll bouda, wielding a +0 club and wearing a +0 robe (chance to weaken: 99%) Fumes of mercury billow around the gnoll bouda!
The gnoll bouda is poisoned.
The gnoll bouda looks weaker.
The adder looks weaker.
The adder closely misses you.
A gnoll comes into view. It is wielding a +0 spear.
The adder closely misses you.
You hit the adder. Lightning courses through the adder!
You kill the adder!
The gnoll bouda hits you with a +0 club.
* * * LOW HITPOINT WARNING * * *
The gnoll bouda attacks as it pursues you!
The gnoll bouda hits you but does no damage.
You barely miss the gnoll bouda.
The gnoll bouda is lightly wounded.
The gnoll misses you.
The gnoll bouda hits you with a +0 club.
* * * LOW HITPOINT WARNING * * *
You hit the gnoll bouda but do no damage.
The gnoll bouda is moderately wounded.
The gnoll bouda is no longer weakened.
The gnoll closely misses you. The gnoll bouda barely misses you.
You hit the gnoll bouda.
The gnoll bouda is moderately wounded.
The gnoll hits you from afar with a +0 spear.
* * * LOW HITPOINT WARNING * * *
A demonic guardian appears!
The gnoll hits you but does no damage.
A gnoll comes into view. It is wielding a +0 whip.
You closely miss the gnoll bouda.
The gnoll bouda is moderately wounded.
Your attacks no longer feel as feeble.
The gnoll hits you from afar with a +0 spear.
* * * LOW HITPOINT WARNING * * *
The gnoll bouda barks out a call to the hunt!
The gnoll picks up the pace!
The gnoll hits you from afar with a +0 spear.
You die...

...#.....####..####..####.##
.....#..g####...#.........##
.......)†##.......##.......##
...................#..####...
.######........###...^# ##..
##.......# ##...# #..
#..g#g..# ##..# #..
####.#....## #..# ....
......g@...# #......#..
....##......# ......##.. ###.
###.5......###..#.# .#
#....[.## ##.. .. ###..# .
.... #.###


You could see a gnoll bouda (poisoned, ally target), 3 gnolls and a friendly
shadow imp (summoned).

Vanquished Creatures
  Jessica (D:3)
  An iguana (D:4)
  Robin (D:3)
  5 gnolls (D:4)
  5 adders
  3 dart slugs
  3 ribbon worms (D:2)
  2 orcs (D:3)
  4 ball pythons
  7 bats
  7 endoplasms
  3 giant cockroaches
  13 goblins
  8 hobgoblins
  A quokka (D:3)
  3 frilled lizards
  8 kobolds
75 creatures vanquished.

Vanquished Creatures (collateral kills)
  A dart slug (D:3)
1 creature vanquished.

Grand Total: 76 creatures vanquished

Notes
Turn   | Place    | Note
-------+----------+-------------------------------------------
     0 | D:1      | booth the Demonspawn Alchemist began the quest for the Orb.
     0 | D:1      | Reached XP level 1. HP: 13/13 MP: 3/3
   335 | D:1      | Gained mutation: A weak demonic guardian rushes to your
                  | aid. [demonic ancestry]
   335 | D:1      | Reached XP level 2. HP: 19/19 MP: 0/5
   354 | D:1      | Learned a level 2 spell: Mercury Vapours
   839 | D:1      | Upgraded the game from 0.31.0-12-g77e489cdc1 to
                  | 0.31.0-32-g396128a36d
  1302 | D:1      | Gained mutation: You have large cloven feet. [demonic
                  | ancestry]
  1302 | D:1      | Reached XP level 3. HP: 24/24 MP: 4/6
  1349 | D:1      | Learned a level 3 spell: Mephitic Cloud
  1832 | D:2      | Reached skill level 4 in Alchemy
  1885 | D:2      | Found Koweni Pevutt's Antique Weapon Boutique.
  2141 | D:3      | Reached XP level 4. HP: 30/30 MP: 3/7
  2146 | D:3      | Noticed Jessica
  2150 | D:3      | Killed Jessica
  2342 | D:3      | Noticed Robin
  2344 | D:3      | Killed Robin
  2693 | D:3      | Gained mutation: You are partially covered in slimy green
                  | scales. (AC +2) [demonic ancestry]
  2693 | D:3      | Reached XP level 5. HP: 30/35 MP: 6/9
  3287 | D:4      | Found a staircase to the Ecumenical Temple.
  3336 | D:4      | Reached skill level 5 in Alchemy
  3355 | D:4      | HP: 1/35 [gnoll/+0 spear[a gnoll bouda] (2)]
  3355 | D:4      | Slain by a gnoll

Illustrated notes

Levels and vault maps discovered:
D:1:      dpeg_chamrin_arrival_tetris, layout_basic
D:2:      layout_rooms, serial_shops, nicolae_shop_tiny_statue_garden,
          grunt_ministairs_7, chequers_serial_rivers_micro_e,
          minmay_misc_feat_square
D:3:      layout_loops_ring, kennysheep_potato, uniq_robin, uniq_jessica
D:4:      layout_layer_cave, minmay_temple_entry_tees, uniq_crazy_yiuf_cottage

Skill      XL: |  1  2  3  4  5 |
---------------+----------------+-----
Conjurations   | 2 |  2.9
Alchemy        | 4 5 |  5.1
Spellcasting   | 3 |  3.2
Dodging        | |  1.8
Stealth        | |  1.8

Action                     |  1- 3 |  4- 6 || total
---------------------------+-------+-------++-------
  Melee: Unarmed           |    13 |       ||    13
         Short sword       |    21 |       ||    21
         Whip              |    50 |   103 ||   153
  Throw: Dart              |       |     5 ||     5
   Cast: Sting             |    48 |    24 ||    72
         Mercury Vapours   |     6 |     7 ||    13
    Use: Scroll            |     5 |     3 ||     8
         Potion            |       |     1 ||     1
   Stab: Invisible         |       |     1 ||     1
 Armour: Robe              |    31 |    57 ||    88
  Dodge: Dodged            |    59 |    70 ||   129
